AoeStats
← Moogie

Black Forest

510131918Analyzed
2v2 RM · 4d ago on Sep 29, 2026· 103m 23s· 4 players
Game mode
Random Map
Map size
Medium (4 player)
Population
200
Speed
Normal
Resources
Standard
Victory
Conquest
Starting age
Dark Age
Ending age
Imperial Age
RankedLock teamsTeams togetherTeam positionsShared explorationLock speedFull tech treeHidden civsTurbo modeCheats
Victory
Defeat
🇷🇴 Japanese · Romania
746
+16
🇷🇴 Bulgarians · Romania
745
+16
🇪🇸 Bohemians · Spain
805
-19
🇳🇱 Vietnamese · Netherlands
680
-13
diamondkev513
9:39 Loom
11:51 Feudal Age
12:48 Horse Collar
18:10 Castle Age
18:27 Padded Archer Armor
18:19 Fletching
19:24 Crossbowman
24:27 Ballistics
26:11 Double-Bit Axe
26:29 Heavy Plow
28:31 Wheelbarrow
29:33 Wagenburg Tactics
31:13 Bow Saw
31:54 Leather Archer Armor
31:34 Bodkin Arrow
32:14 Hand Cart
35:18 Imperial Age
33:11 Hand Cart
33:36 Scale Mail Armor
33:47 Forging
33:36 Pikeman
34:16 Squires
34:34 Chain Mail Armor
34:58 Town Watch
35:23 Halberdier
35:27 Elite Hussite Wagon
37:22 Chemistry
36:35 Town Patrol
37:58 Two-Man Saw
37:23 Caravan
38:57 Plate Mail Armor
39:03 Iron Casting
39:20 Houfnice
40:08 Siege Engineers
41:54 Blast Furnace
84:11 Elite Skirmisher
84:53 Bracer
85:24 Ring Archer Armor
Moogie
3:29 Loom
12:09 Feudal Age
12:57 Double-Bit Axe
15:18 Horse Collar
19:30 Gold Mining
24:26 Castle Age
24:34 Crossbowman
26:07 Fletching
26:17 Padded Archer Armor
27:51 Scale Mail Armor
28:20 Bow Saw
30:24 Stone Mining
32:12 Stone Shaft Mining
34:06 Leather Archer Armor
33:47 Bodkin Arrow
35:41 Fortified Wall
38:38 Imperial Age
37:39 Forging
37:44 Chain Mail Armor
38:30 Heavy Plow
40:24 Chemistry
40:22 Bracer
40:52 Ring Archer Armor
41:02 Arbalester
41:42 Arrowslits
43:21 Two-Man Saw
42:51 Elite Rattan Archer
44:52 Iron Casting
45:02 Elite Battle Elephant
46:42 Scale Barding Armor
47:08 Plate Mail Armor
48:02 Chain Barding Armor
57:36 Plate Barding Armor
62:19 Ballistics
63:19 Thumb Ring
90:51 Caravan
91:22 Coinage
97:28 Banking
97:09 Guilds
Tzampuku
0:28 Loom
12:31 Feudal Age
14:53 Double-Bit Axe
18:04 Castle Age
17:32 Horse Collar
21:43 Stone Mining
27:41 Gold Mining
29:08 Wheelbarrow
29:05 Heavy Plow
28:53 Treadmill Crane
30:52 Hand Cart
30:23 Town Watch
31:05 Bow Saw
34:50 Imperial Age
33:02 Murder Holes
33:17 Fortified Wall
32:57 Guard Tower
33:27 Ballistics
33:02 Murder Holes
33:17 Fortified Wall
35:06 Gold Shaft Mining
35:16 Town Patrol
35:55 Conscription
37:12 Kataparuto
37:19 Caravan
39:56 Two-Man Saw
39:25 Fletching
39:35 Padded Archer Armor
39:46 Forging
39:36 Scale Mail Armor
39:42 Scale Barding Armor
39:48 Yasama
42:23 Elite Samurai
43:01 Bodkin Arrow
43:22 Leather Archer Armor
43:42 Iron Casting
43:23 Chain Mail Armor
43:28 Chain Barding Armor
45:08 Ring Archer Armor
44:39 Bracer
45:40 Blast Furnace
45:20 Keep
44:30 Arrowslits
45:46 Chemistry
44:57 Masonry
44:55 Siege Engineers
44:14 Pikeman
44:54 Squires
44:40 Arson
44:18 Elite Skirmisher
45:04 Thumb Ring
46:31 Plate Mail Armor
46:20 Halberdier
47:49 Onager
48:22 Cavalier
49:03 Husbandry
80:05 Heavy Scorpion
Bleeq11
2:59 Loom
10:07 Feudal Age
10:41 Double-Bit Axe
20:52 Castle Age
21:40 Horse Collar
22:42 Bow Saw
22:31 Fletching
24:12 Bodkin Arrow
25:23 Wheelbarrow
25:47 Town Watch
26:05 Gold Mining
27:02 Town Patrol
27:27 Hand Cart
31:52 Imperial Age
29:51 Scale Barding Armor
29:57 Forging
30:34 Ballistics
30:39 Stone Mining
31:24 Gold Shaft Mining
31:05 Heavy Plow
31:43 Chain Barding Armor
31:59 Iron Casting
31:46 Guard Tower
31:47 Heated Shot
32:40 Masonry
32:45 Caravan
33:17 Bracer
32:48 Elite Skirmisher
34:36 Chemistry
34:34 Padded Archer Armor
36:06 Stone Shaft Mining
36:41 Leather Archer Armor
37:00 Scale Mail Armor
38:01 Blast Furnace
38:08 Conscription
38:38 Bagains
38:36 Stirrups
40:22 Bloodlines
39:32 Light Cavalry
40:13 Husbandry
40:36 Fishing Lines
41:44 Plate Barding Armor
41:43 Architecture
41:49 Keep
41:58 Hussar
43:20 Murder Holes
43:31 Siege Engineers
43:34 Gillnets
45:33 Chain Mail Armor
45:10 Gambesons
45:27 Squires
44:48 Pikeman
44:53 Elite Konnik
45:52 Thumb Ring
45:28 Cavalier
47:03 Plate Mail Armor
46:33 Heavy Cavalry Archer
47:39 Parthian Tactics
66:07 Onager
68:21 Siege Onager
79:31 Heavy Scorpion
91:41 Crop Rotation
Connection lost

Rejoining the realm…

Still unreachable

The connection could not be restored.

Session expired

The server has moved on; the page needs a fresh start.